 Dungeon Crawl Stone Soup version 0.27.1-1-g398f81649c (webtiles) character file.

Game seed: 8860285908379468457

55 safid the Skirmisher (level 3, -18/33 HPs)
             Began as a Hill Orc Fighter on Sept 4, 2021.
             Demolished by an orc (19 damage)
             ... on level 3 of the Dungeon on Sept 6, 2021.
             The game lasted 00:03:51 (1670 turns).

safid the Skirmisher (Hill Orc Fighter)             Turns: 1670, Time: 00:03:52

Health: -18/33     AC:  9    Str: 19    XL:     3   Next: 93%
Magic:  3/3        EV:  7    Int:  8    God:
Gold:   67         SH:  9    Dex: 10    Spells: 2/2 levels left

rFire    . . .     SeeInvis .   a - +0 war axe
rCold    . . .     Faith    .   c - +0 kite shield
rNeg     . . .     Spirit   .   b - +0 scale mail
rPois    .         Reflect  .   (no helmet)
rElec    .         Harm     .   j - +0 cloak
rCorr    .         Rampage  .   g - +0 pair of gloves
Will     .....                  (no boots)
Stlth    ..........             (no amulet)
HPRegen  0.11/turn              (no ring)
MPRegen  0.08/turn              (no ring)

@: no status effects
A: no striking features
a: Convert to Beogh


You were on level 3 of the Dungeon.
You visited 1 branch of the dungeon, and saw 3 of its levels.

You collected 67 gold pieces.

Inventory:

Hand Weapons
 a - a +0 war axe (weapon)
Missiles
 f - 29 stones
 k - 15 poisoned darts (quivered)
Armour
 b - a +0 scale mail (worn)
 c - a +0 kite shield (worn)
 g - a +0 pair of gloves (worn)
 j - a +0 cloak (worn)
Scrolls
 e - 5 scrolls of identify {unknown}
 i - a scroll of teleportation {unknown}
Potions
 d - a potion of might
 h - a potion of haste {unknown}
 l - 2 potions of magic {unknown}
 m - 2 potions of cancellation {unknown}
 n - a potion of flight {unknown}


   Skills:
 + Level 4.1 Fighting
 + Level 3.8 Axes
 + Level 3.8 Armour
 + Level 3.7 Shields


You had 2 spell levels left.
You didn't know any spells.
Your spell library was empty.

Dungeon Overview and Level Annotations

Branches:
Dungeon (3/15)

Altars:
Kikubaaqudgha


Message History

You kill the endoplasm!
You block the orc's attack.
The orc hits you with a +2 dagger of electrocution.
The orc hits you with a +0 hand axe.
You hit the orc priest but do no damage.
The orc priest shouts, "Join the one true god or die!"
You hit the orc.
The orc priest shouts, "Beogh is our master!
Accept the truth or die!"
You hit the orc. The orc hits you but does no damage.
The orc priest hits you with a +0 dagger.
The orc hits you but does no damage. You block the orc's attack.
The goblin hits you but does no damage.
The orc priest hits you with a +0 dagger.
You closely miss the orc.
The orc is lightly wounded.
You barely miss the goblin. You hit the orc. You closely miss the orc priest.
The orc hits you but does no damage. x2; You are electrocuted!
* * * LOW HITPOINT WARNING * * *
The orc priest barely misses you. The goblin completely misses you.
The orc hits you but does no damage.
You are too injured to fight recklessly!
You are too injured to fight recklessly!
You block the orc's attack. The goblin hits you with a +0 club.
* * * LOW HITPOINT WARNING * * *
You block the orc's attack. The goblin closely misses you.
The orc priest calls upon Beogh to heal the orc.
The orc's wounds heal themselves!
You block the orc's attack.
You slash the goblin!
You kill the goblin!
You hit the orc.
Your shield and scale mail prevent you from hitting the orc priest.
The orc barely misses you.
The orc priest begins to cast a cantrip, but forgets the words!
The orc hits you with a +2 dagger of electrocution.
* * * LOW HITPOINT WARNING * * *
You are electrocuted!!
Ouch! That really hurt!
You die...

..+.....#.#....#.g
#.#.......'......
......#..#....###
.........'.......
#......#......#
#......#.......
+....).........
...##..oo<#.....#..
......†@o.#.##..#
..........#.# .#
....#........ ..
... ###.#.#.## #.
.. #....... .
....##... #..#.#
.... #..#.# ...


You could see an orc priest and 2 orcs.

Vanquished Creatures
  An adder (D:2)
  A dart slug (D:2)
  3 orcs
  4 endoplasms
  4 giant cockroaches
  4 hobgoblins
  8 ball pythons
  6 bats
  2 frilled lizards (D:1)
  3 goblins
  3 rats
39 creatures vanquished.

Vanquished Creatures (others)
  5 plants (D:1)
5 creatures vanquished.

Grand Total: 44 creatures vanquished

Notes
Turn   | Place    | Note
-------+----------+-------------------------------------------
     0 | D:1      | safid the Hill Orc Fighter began the quest for the Orb.
     0 | D:1      | Reached XP level 1. HP: 19/19 MP: 1/1
   146 | D:1      | Found a faded altar of an unknown god.
   152 | D:1      | Reached XP level 2. HP: 25/27 MP: 2/2
   851 | D:2      | Reached skill level 4 in Fighting
  1051 | D:2      | Reached XP level 3. HP: 30/33 MP: 3/3
  1157 | D:2      | Found an ancient bone altar of Kikubaaqudgha.
  1661 | D:2      | Upgraded the game from 0.27.1 to 0.27.1-1-g398f81649c
  1670 | D:3      | HP: 1/33 [orc (3)]
  1670 | D:3      | Demolished by an orc

Illustrated notes

Levels and vault maps discovered:
D:1:      roderic_crop_circles_arrival_small, layout_loops_ring,
          basic_ecumenical_altar
D:2:      layout_loops_ring, basic_altar, minmay_misc_feat_cross
D:3:      layout_basic, nzn_wu_jian_council_hall, ebering_ghost_sewer_f

Skill      XL: |  1  2 |
---------------+-------+-----
Axes           | 3 |  3.8
Fighting       | 4 |  4.1
Armour         | |  3.8
Shields        | |  3.7

Action                   || total
-------------------------++-------
Melee: War axe           ||    94
Armor: Scale mail        ||    45
Dodge: Dodged            ||    39
Block: Kite shield       ||    51
